 Dungeon Crawl Stone Soup version 0.18-a0-1507-g69458e0 (webtiles) character file.

266 GrosslyIncandescent the Insei (level 6, -4/49 HPs)
             Began as a Mummy Monk on Mar 5, 2016.
             Slain by a slave (5 damage)
             ... led by Pikel
             ... on level 3 of the Dungeon.
             The game lasted 00:07:15 (4742 turns).

GrosslyIncandescent the Insei (Mummy Monk)          Turns: 4742, Time: 00:07:15

Health: -4/49      AC:  4    Str: 19    XL:     6   Next: 0%
Magic:  6/6        EV: 13    Int: 12    God:
Gold:   108        SH:  0    Dex: 16    Spells: 0 memorised, 5 levels left

rFire  x . .     SeeInvis .       - Unarmed
rCold  + . .     Gourm    .     (no armour)
rNeg   + + +     Faith    .     (no shield)
rPois  ∞         Spirit   .     f - +1 helmet {Int+3}
rElec  .         Dismiss  .     b - +0 cloak (curse)
rCorr  .         Reflect  .     a - +0 pair of gloves
SustAt .         Harm     .     (no boots)
MR     .....                    (no amulet)
Stlth  ++........               (no ring)
                                i - +4 ring of strength

@: not resistant to hostile enchantments, unstealthy
A: no food or potions, fire vulnerability, cold resistance 1, negative energy
resistance 3, torment resistance, unbreathing
a: no special abilities


You were on level 3 of the Dungeon.
You were not hungry.

You visited 1 branch of the dungeon, and saw 4 of its levels.

You collected 108 gold pieces.


Innate Abilities, Weirdness & Mutations

You do not eat or drink.
Your flesh is vulnerable to fire.
You are immune to poison.
Your flesh is cold resistant.
You are immune to negative energy.
You are immune to unholy pain and torment.
You can survive without breathing.


   Skills:
 + Level 4.6 Fighting
 - Level 2.4 Dodging
 - Level 1.5 Stealth
 - Level 5.2 Unarmed Combat


You had 5 spell levels left.
You didn't know any spells.

Inventory:

Armour
 a - a +0 pair of gloves (worn)
 b - a cursed +0 cloak (worn)
 f - a +1 helmet of intelligence (worn)
Jewellery
 i - a +4 ring of strength (left hand)
Scrolls
 c - a scroll of noise {unknown}
 d - a scroll of enchant armour {unknown}
 e - 2 scrolls of blinking {unknown}
 g - a scroll of magic mapping {unknown}
 h - a scroll of fog {unknown}
 j - a scroll of amnesia {unknown}
 k - a scroll of identify {unknown}
 l - a scroll of teleportation {unknown}

Dungeon Overview and Level Annotations

Branches:
Dungeon (4/15)
 Temple: D:4-7

Altars:
Kikubaaqudgha
Nemelex Xobeh
Pakellas
The Shining One

Portals:
Sewer: D:4

Annotations:
D:4 Blork the orc, Pikel

▒..▒ ▒.▒ ▒..▒
▒.▒ ▒..▒ ▒.▒
▒▒..▒▒ ▒▒▒▒▒▒
▒.▒
▒....▒▒▒....▒
▒.▒
............▒
▒.▒
▒.▒▒.▒▒.....▒
▒.▒
▒.▒▒..▒.....▒
▒p▒
..▒▒▒.▒.▒▒▒▒▒
▒M▒ .▒▒ ▒...▒
▒.▒ ▒▒▒▒▒▒..▒
▒▒.▒ ........▒
▒..▒
▒▒▒▒▒...▒▒▒
▒▒.▒▒
▒.....▒▒▒▒..▒
▒▒.▒...▒▒...▒▒
▒..▒▒▒p▒▒.▒▒▒
▒▒.▒▒ ▒..▒.▒▒


You could see a slave.


Message History

There is a stone staircase leading down here!
You climb downwards!
You hear the sound of rushing water!
There is an entrance to a sewer on this level!
Hurry and find it before the portal rusts away!!!
You hear the brisk rusting of a very distant drain!
Level annotation: Blork the orc, Pikel A giant cockroach and a skeleton come into view!
Found 17 gold pieces!
Found a glowing drain!
There is a stone staircase leading up here!
Found a mace!
The giant frog skeleton barely misses you!
You pulverise the giant frog skeleton!
The giant frog skeleton hits you!!! * * * don't die
* * * You pummel the giant frog skeleton like a punching bag!!!
The giant frog skeleton hits you! * * * don't die
* * * You pound the giant frog skeleton into fine dust!
The giant frog skeleton completely misses you!
The giant frog skeleton hits you! * * * don't die
* * * You squash the giant frog skeleton like an ant!!!
The giant frog skeleton completely misses you!
The giant frog skeleton hits you! * * * don't die
* * *
There is a stone staircase leading up here!
The giant frog skeleton barely misses you!
You climb upwards!
The slave hits you!!! * * * don't die
* * * The slave hits you! rip

Action                   |  1- 3 |  4- 6 || total
-------------------------+-------+-------++-------
Melee: Unarmed           |   189 |   240 ||   429
 Stab: Sleeping          |     2 |     3 ||     5

Vault maps used:
D:1:      minmay_arrival_diagonal_passages
D:2:      nemelex_xobeh_ov_fountains_minmay, lemuel_doored_altar,
          nicolae_overflow_crystal_walls, uniq_robin
D:3:      first_bread
D:4:      grunt_pakellas_sulfur, gup_sewer_entry_glass, guppyfry_early_orc_mine,
          uniq_menkaure, uniq_pikel, uniq_blork_the_orc

Notes
Turn   | Place    | Note
--------------------------------------------------------------
     0 | D:1      | GrosslyIncandescent the Mummy Monk began the quest for the Orb.
     0 | D:1      | Reached XP level 1. HP: 18/18 MP: 1/1
   285 | D:1      | Reached XP level 2. HP: 18/24 MP: 2/2
   773 | D:1      | Reached skill level 4 in Unarmed Combat
   868 | D:1      | Reached XP level 3. HP: 29/29 MP: 3/3
  1577 | D:1      | HP: 1/29 [kobold (3)]
  2225 | D:1      | Reached XP level 4. HP: 21/35 MP: 4/4
  2514 | D:2      | Found a glowing golden altar of the Shining One.
  2549 | D:2      | Noticed Robin
  2938 | D:1      | Killed Robin
  2938 | D:1      | Reached skill level 5 in Unarmed Combat
  3104 | D:2      | Found an ancient bone altar of Kikubaaqudgha.
  3226 | D:2      | Found a sparkling altar of Nemelex Xobeh.
  3319 | D:2      | Found an ancient bone altar of Kikubaaqudgha.
  3475 | D:2      | Found a glowing golden altar of the Shining One.
  3511 | D:2      | Found a sparkling altar of Nemelex Xobeh.
  3717 | D:3      | Reached XP level 5. HP: 41/41 MP: 5/5
  4151 | D:3      | Reached skill level 4 in Fighting
  4527 | D:4      | Noticed an orc warrior
  4545 | D:4      | Noticed a slave
  4549 | D:4      | Noticed a slave
  4550 | D:4      | Reached XP level 6. HP: 31/49 MP: 6/6
  4552 | D:4      | Found an oddly glowing altar of Pakellas.
  4552 | D:4      | Noticed Pikel
  4552 | D:4      | Noticed a slave
  4552 | D:4      | Noticed a slave
  4555 | D:4      | HP: 1/49 [slave[Pikel] (9)]
  4556 | D:4      | Noticed Blork the orc
  4596 | D:4      | HP: 1/49 [slave[Pikel] (7)]
  4732 | D:4      | Found a glowing drain.
  4742 | D:3      | HP: 1/49 [slave[Pikel] (7)]
  4742 | D:3      | Slain by a slave

Vanquished Creatures
  An orc wizard (D:4)
  A worker ant (D:4)
  Robin (D:1)
  4 gnolls
  5 adders
  2 oozes (D:1)
  3 worms
  5 dart slugs
  3 giant geckos
  An orc (D:3)
  6 bats
  5 giant cockroaches
  20 goblins
  8 hobgoblins
  3 jackals (D:1)
  2 quokkas (D:3)
  4 giant newts
  7 kobolds
  9 rats
90 creatures vanquished.

Vanquished Creatures (others)
  A hobgoblin (D:2)
1 creature vanquished.

Grand Total: 91 creatures vanquished
